 Dungeon Crawl Stone Soup version 0.29.1-15-g9cfb28693d (webtiles) character file.

Game seed: 8800531174981640984

2080 dudediamond6 the Cleaver (level 9, -5/77 HPs)
             Began as a Hill Orc Fighter on Feb 26, 2023.
             Killed by nerve-wracking pain
             ... invoked by Menkaure
              (7 damage)
             ... on level 6 of the Dungeon.
             The game lasted 00:10:39 (6361 turns).

dudediamond6 the Cleaver (Hill Orc Fighter)         Turns: 6361, Time: 00:10:40

Health: -5/77      AC: 15    Str: 23    XL:     9   Next: 26%
Magic:  9/9        EV: 21    Int:  8    God:
Gold:   310        SH:  4    Dex: 10    Spells: 8/8 levels left

rFire   . . .      SeeInvis +   a - +0 war axe
rCold   + . .      Faith    .   c - +0 buckler
rNeg    . . .      Spirit   .   w - +0 plate armour
rPois   .          Reflect  .   (no helmet)
rElec   .          Harm     .   l - +0 cloak
rCorr   .          Rampage  .   (no gloves)
Will    .....                   o - +0 pair of boots
Stlth   ..........              k - amulet of the acrobat
HPRegen 0.22/turn               e - ring of see invisible
MPRegen 0.11/turn               L - ring of protection from cold

@: mighty, on berserk cooldown, acrobatic, slowed, very slow
A: no striking features
a: no special abilities


You were on level 6 of the Dungeon.
You visited 1 branch of the dungeon, and saw 6 of its levels.
You also visited: Ossuary.

You collected 310 gold pieces.

Inventory:

Hand Weapons
 a - a +0 war axe (weapon)
 G - a +5 vorpal dire flail
Armour
 c - a +0 buckler (worn)
 l - a +0 cloak (worn)
 o - a +0 pair of boots (worn)
 w - a +0 plate armour (worn)
Jewellery
 e - a ring of see invisible (left hand)
 k - an amulet of the acrobat (around neck)
 K - an amulet of faith
 L - a ring of protection from cold (right hand)
 M - an amulet of magic regeneration
Scrolls
 b - 4 scrolls of fog
 f - 2 scrolls of magic mapping
 h - a scroll of immolation {unknown}
 m - a scroll of torment {unknown}
 p - 6 scrolls of teleportation
 r - 2 scrolls of acquirement {unknown}
 t - 3 scrolls of enchant armour {unknown}
 u - a scroll of amnesia {unknown}
 y - 2 scrolls of enchant weapon {unknown}
 A - 3 scrolls of fear {unknown}
 B - a scroll of blinking {unknown}
 C - a scroll of vulnerability {unknown}
 D - a scroll of brand weapon {unknown}
 H - a scroll of poison {unknown}
 I - 2 scrolls of identify
Potions
 d - a potion of brilliance {unknown}
 g - a potion of resistance {unknown}
 i - 2 potions of cancellation {unknown}
 j - 9 potions of curing {unknown}
 n - 3 potions of flight {unknown}
 q - a potion of invisibility {unknown}
 s - 2 potions of attraction {unknown}
 v - a potion of berserk rage
 x - 2 potions of degeneration {unknown}
 z - a potion of magic {unknown}
 E - a potion of might
 F - a potion of ambrosia {unknown}
 J - a potion of mutation {unknown}
 N - a potion of haste {unknown}


   Skills:
 + Level 6.3 Fighting
 + Level 12.3 Axes
 + Level 0.9 Throwing
 + Level 6.4 Armour
 - Level 0.1 Dodging
 + Level 4.4 Shields
 + Level 0.1 Evocations


You had 8 spell levels left.
You didn't know any spells.
Your spell library contained the following spells:

 Spells                   Type           Power      Damage    Failure   Level
 Magic Dart               Conj           0%         1d3       100%        1
 Ensorcelled Hibernation  Hex/Ice        0%         N/A       100%        2
 Passwall                 Tmut/Erth      0%         N/A       100%        2
 Searing Ray              Conj           0%         2d4       100%        2
 Gell's Gravitas          Tloc           0%         N/A       100%        3
 Lesser Beckoning         Tloc           0%         N/A       100%        3
 Swiftness                Air            0%         N/A       100%        3
 Teleport Other           Tloc           0%         N/A       100%        3
 Fulminant Prism          Conj/Hex       0%         3d6       100%        4
 Passage of Golubria      Tloc           0%         N/A       100%        4
 Silence                  Hex/Air        0%         N/A       100%        5
 Lehudib's Crystal Spear  Conj/Erth      0%         10d2      100%        8


Dungeon Overview and Level Annotations

Branches:
Dungeon (6/15)             Temple (0/1) D:6         Ossuary (visited)

Altars:
Dithmenos
Vehumet

Annotations:
D:4 3 runed translucent doors, erowe747's ghost, amateur HuBe
D:6 Menkaure


Message History

Menkaure, Prince of Dust comes into view.
You barely miss the bullfrog.
The bullfrog is heavily wounded.
The bullfrog hits you but does no damage.
You barely miss the bullfrog.
The bullfrog is heavily wounded.
The bullfrog hits you but does no damage.
The bullfrog hits you.
You slash the bullfrog!
You kill the bullfrog!
Menkaure casts a spell.
Menkaure seems to speed up.
Menkaure calls on the powers of darkness!
Your body is wracked with pain!
Menkaure calls on the powers of darkness!
Your body is wracked with pain!
* * * LOW HITPOINT WARNING * * *
There is an open door here.
You close the door.
You feel very mighty all of a sudden.
A red film seems to cover your vision as you go berserk!
You feel yourself moving faster!
You feel mighty!
The door flies open with a bang!
You feel a strong urge to attack something.
There is an open door here.
You feel your anger nearly subside.
You are no longer berserk.
You are exhausted.
You feel yourself slow down.
You close the door.
Menkaure calls on the powers of darkness!
Your body is wracked with pain!
* * * LOW HITPOINT WARNING * * *
Found 5 stones.
Menkaure points at you and mumbles some strange words.
Pain shoots through your body!
* * * LOW HITPOINT WARNING * * *
Menkaure gestures at you while chanting.
Pain shoots through your body!
You die...

.#######.###
.#######.# #####
.##......# #....
.##.########....#####
............ ...>...
.<#.#.......
...#.#####
###.#.......
.>.......
.............
#........
###.#.........##@...#
#.#.........M.....#
.....)...#####.#.##
#.###....#####.#(#
... .......##+#+#####
# #.#
...#...M......^. .
#.# #............ #
#.# #............
#.######
#.†..........


You could see Menkaure (fast).

Vanquished Creatures
  Sigmund (D:2)
  Edmund (D:5)
  2 water moccasins
  An ice beast (D:4)
  2 ogres (D:6)
  A phantom (D:5)
  2 elf zombies (Ossuary)
  2 bullfrogs (D:6)
  2 scorpions (D:6)
  A jelly (D:5)
  4 centaur zombies (Ossuary)
  2 orc priests (D:5)
  3 hounds (D:5)
  6 human zombies (Ossuary)
  Terence (D:2)
  An iguana (D:5)
  2 orc wizards (D:5)
  3 mummies (Ossuary)
  Robin (D:3)
  7 adders
  An ufetubus (D:6)
  A worm (D:2)
  2 dart slugs
  20 orcs
  3 bats
  6 endoplasms
  5 giant cockroaches
  13 goblins
  7 hobgoblins
  5 jackals
  4 quokkas
  13 ball pythons
  A jackal zombie (D:4)
  10 kobolds
  6 rats
142 creatures vanquished.

Vanquished Creatures (others)
  An orc wizard (D:5)
1 creature vanquished.

Grand Total: 143 creatures vanquished

Notes
Turn   | Place    | Note
-------+----------+-------------------------------------------
     0 | D:1      | dudediamond6 the Hill Orc Fighter began the quest for the
                  | Orb.
     0 | D:1      | Reached XP level 1. HP: 19/19 MP: 1/1
   135 | D:1      | Reached skill level 3 in Axes
   247 | D:1      | Reached XP level 2. HP: 26/26 MP: 2/2
   329 | D:1      | Reached skill level 4 in Axes
   464 | D:1      | Reached XP level 3. HP: 31/31 MP: 3/3
   499 | D:1      | Found a faded altar of an unknown god.
  1063 | D:2      | Noticed Terence
  1072 | D:2      | Killed Terence
  1073 | D:2      | Reached skill level 5 in Axes
  1073 | D:2      | Reached XP level 4. HP: 28/39 MP: 4/4
  1569 | D:2      | Reached skill level 6 in Axes
  1820 | D:2      | Noticed Sigmund
  1832 | D:2      | Killed Sigmund
  1833 | D:2      | Reached skill level 8 in Axes
  1833 | D:2      | Reached XP level 5. HP: 14/45 MP: 5/5
  1833 | D:2      | Reached XP level 6. HP: 15/51 MP: 6/6
  2418 | D:3      | Found Ivimih's Jewellery Shop.
  2446 | D:3      | Found a shadowy altar of Dithmenos.
  2677 | D:3      | Noticed Robin
  2687 | D:3      | Killed Robin
  2954 | D:4      | Noticed an ice beast
  2975 | D:4      | Killed an ice beast
  3132 | D:4      | Found a runed translucent gate.
  3132 | D:4      | Found a runed translucent gate.
  3132 | D:4      | Found a runed translucent gate.
  3133 | D:4      | Noticed erowe747's ghost (amateur HuBe)
  3230 | D:4      | Found a sand-covered staircase.
  3240 | Ossuary  | Entered an ossuary
  3253 | Ossuary  | Reached XP level 7. HP: 50/59 MP: 7/7
  3264 | Ossuary  | Reached skill level 9 in Axes
  3694 | Ossuary  | Reached skill level 10 in Axes
  3694 | Ossuary  | Reached XP level 8. HP: 31/67 MP: 8/8
  3972 | D:4      | Found a radiant altar of Vehumet.
  4303 | D:5      | Entered Level 5 of the Dungeon
  4549 | D:5      | Reached skill level 5 in Fighting
  4621 | D:5      | Noticed Edmund
  4631 | D:5      | Killed Edmund
  4632 | D:5      | Reached skill level 5 in Armour
  4928 | D:5      | Reached skill level 11 in Axes
  5735 | D:6      | Found a staircase to the Ecumenical Temple.
  5796 | D:6      | Found the +6 shillelagh "Devastator" {shatter}
  5817 | D:6      | Reached XP level 9. HP: 16/75 MP: 9/9
  5834 | D:6      | Reached skill level 12 in Axes
  6335 | D:6      | Noticed Menkaure
  6361 | D:6      | HP: 2/77 [Menkaure/nerve-wracking pain (12)]
  6361 | D:6      | Killed from afar by Menkaure

Illustrated notes

Levels and vault maps discovered:
D:1:      dpeg_arrival_snail, layout_basic, nicolae_ecumenical_snake_handling
D:2:      layout_basic, minmay_misc_feat_hallway, uniq_sigmund, uniq_terence
D:3:      layout_basic, grunt_dithmenos_smoke_and_mirrors, serial_shops,
          nicolae_shop_competitors_out_of_business, uniq_robin
D:4:      layout_basic, mainiacjoe_overflow_concentric_impassable,
          enter_ossuary_3, gammafunk_ghost_necromancy, st_stairs_4
D:5:      layout_gridville, corexii_shack, uniq_edmund
D:6:      layout_basic, mainiacjoe_overflow_alcove_4,
          minmay_temple_entry_offerings, dilly_guarded_unrand_devastator,
          uniq_maggie, uniq_menkaure

Skill      XL: |  1  2  3  4  5  6  7  8  9 |
---------------+----------------------------+-----
Axes           | 3 4 5 8 10 11 12 | 12.3
Fighting       | 4 5 6 |  6.3
Shields        | 4 |  4.4
Armour         | 4 5 6 |  6.4
Throwing       | |  0.9
Dodging        | |  0.1
Evocations     | |  0.1

Action                   |  1- 3 |  4- 6 |  7- 9 || total
-------------------------+-------+-------+-------++-------
Melee: War axe           |    58 |   158 |   260 ||   476
Evoke: Wand              |       |       |     2 ||     2
  Use: Potion            |       |     1 |     2 ||     3
       Scroll            |       |     2 |     2 ||     4
Armor: Scale mail        |    16 |    22 |       ||    38
       Plate armour      |       |    67 |   118 ||   185
Dodge: Dodged            |    24 |    67 |    63 ||   154
Block: Buckler           |    12 |    33 |    35 ||    80
